Map: Lightshade LE

Players

Pumba - Winner!

  • Race: Zerg Zerg
  • League: Diamond
  • Spawn Location: 11:00

llllllllllll

  • Race: Protoss Protoss
  • League: Master
  • Spawn Location: 5:00

VOD

Have the link to the VOD?

Description

Time

  • Played on: Aug. 31, 2021, 5:23 p.m.
  • Length: 10:08
Show
View Real Time Build Order
Export as new Build Order

Pumba Zerg - Winner!

Build Orders: Pool First 

Get SALT Encoding   

  12  0:01  Drone  
  13  0:13  Overlord  
  13  0:18  Drone  
  14  0:32  Drone x2  
  16  0:38  Drone  
  17  0:43  Extractor  
  17  0:47  Drone  
  17  0:51  Spawning Pool  
  17  0:56  Drone  
  17  1:14  Drone  
  18  1:25  Hatchery  
  17  1:26  Drone  
  18  1:39  Zergling x2  
  19  1:40  Queen  
  21  1:47  Overlord  
  21  1:52  Metabolic Boost  
  21  1:56  Drone  
  22  2:15  Drone  
  22  2:16  Queen, Drone  
  26  2:29  Drone  
  27  2:38  Lair  
  27  2:39  Drone x2  
  29  2:47  Overlord  
  29  2:49  Drone x3  
  32  2:56  Drone  
  33  3:00  Extractor  
  32  3:06  Drone  
  32  3:08  Drone  
  34  3:13  Drone  
  34  3:14  Drone  
  36  3:20  Drone  
  36  3:26  Drone x5  
  36  3:27  Drone x2  
  44  3:32  Overlord  
  44  3:34  Overlord  
  44  3:44  Spire  
  44  3:45  Overseer  
  43  3:55  Extractor x2  
  41  3:57  Drone  
  41  3:59  Drone x2  
  44  4:07  Hatchery  
  43  4:11  Queen  
  43  4:14  Drone x3  
  43  4:15  Drone  
  43  4:16  Drone  
  50  4:21  Zergling x4  
  50  4:23  Overlord  
  51  4:36  Spore Crawler  
  50  4:41  Zergling x2  
  49  4:48  Zergling x4  
  51  4:53  Drone  
  51  4:56  Spore Crawler  
  49  5:01  Overlord  
  47  5:17  Overlord x2  
  47  5:23  Mutalisk x6  
  59  5:34  Zergling x6  
  62  5:39  Drone  
  62  5:40  Drone x3  
  65  5:44  Drone x3  
  65  5:49  Overlord  
  66  5:50  Drone  
  66  5:53  Queen  
  66  5:55  Drone x6  
  75  6:00  Drone x2  
  77  6:13  Drone x2  
  77  6:14  Drone, Evolution Chamber x2  
  77  6:16  Drone  
  77  6:17  Baneling Nest  
  78  6:39  Drone x11  
  89  6:44  Hatchery  
  87  6:53  Overlord x2  
  87  6:56  Zerg Melee Weapons Level 1  
  87  6:59  Hatchery  
  86  7:04  Drone  
  87  7:14  Zerg Flyer Weapons Level 1  
  87  7:17  Extractor x2  
  87  7:20  Drone x3  
  87  7:21  Drone x3  
  91  7:28  Drone x3  
  94  7:30  Extractor  
  94  7:33  Overlord x3, Extractor  
  94  7:34  Extractor  
  94  7:35  Corruptor x3  
  94  7:36  Extractor  
  96  7:50  Queen  
  98  7:53  Drone x3  
  98  7:54  Drone x3  
  98  7:55  Drone x2  
  98  7:56  Drone  
  98  7:57  Drone x3  
  110  8:01  Drone  
  110  8:05  Zerg Ground Armor Level 1, Centrifugal Hooks  
  111  8:08  Overlord x2  
  111  8:09  Overlord  
  111  8:26  Corruptor x7  
  125  8:36  Spore Crawler, Drone x2  
  126  8:49  Mutalisk  
  126  8:50  Mutalisk x8  
  144  8:58  Zergling x14  
  150  9:09  Mutalisk x4  
  158  9:19  Overseer  
  158  9:35  Baneling x13  
  158  9:36  Baneling x2  
Show
View Real Time Build Order
Export as new Build Order

llllllllllll Protoss 

Build Orders:  

Get SALT Encoding   

  12  0:00  Probe  
  13  0:12  Probe  
  14  0:18  Pylon  
  14  0:24  Probe  
  15  0:36  Probe (Chrono Boost)  
  15  0:40  Gateway  
  16  0:45  Assimilator  
  16  0:49  Probe (Chrono Boost)  
  17  0:54  Probe (Chrono Boost)  
  18  1:04  Probe  
  18  1:10  Pylon  
  19  1:16  Probe  
  20  1:25  Zealot (Chrono Boost), Forge  
  20  1:28  Probe  
  23  1:41  Cybernetics Core  
  23  1:56  Pylon  
  23  2:10  Nexus  
  22  2:30  Stargate  
  22  2:33  Photon Cannon  
  22  2:34  Probe  
  23  2:38  Assimilator  
  23  2:47  Adept  
  23  2:48  Warp Gate  
  25  2:51  Probe  
  26  3:03  Probe  
  27  3:13  Pylon  
  27  3:16  Probe  
  27  3:19  Void Ray (Chrono Boost)  
  28  3:26  Probe (Chrono Boost)  
  33  3:29  Probe (Chrono Boost)  
  34  3:37  Adept  
  34  3:38  Probe (Chrono Boost)  
  34  3:40  Probe (Chrono Boost)  
  38  3:43  Probe (Chrono Boost)  
  38  3:44  Probe (Chrono Boost)  
  40  3:53  Probe  
  40  3:54  Probe  
  42  3:58  Pylon  
  42  4:05  Probe  
  42  4:06  Probe  
  44  4:12  Pylon  
  44  4:16  Void Ray  
  48  4:17  Probe  
  48  4:19  Probe  
  50  4:26  Assimilator  
  50  4:29  Probe  
  50  4:31  Probe  
  52  4:41  Probe  
  52  4:43  Probe  
  54  4:52  Void Ray (Chrono Boost)  
  54  4:53  Probe  
  55  5:11  Shield Battery  
  55  5:13  Shield Battery  
  55  5:15  Nexus  
  55  5:16  Photon Cannon  
  55  5:20  Void Ray (Chrono Boost)  
  55  5:22  Probe x2  
  55  5:25  Stargate  
  61  5:34  Probe  
  62  5:37  Pylon  
  62  5:42  Assimilator  
  62  5:45  Pylon  
  62  5:52  Robotics Facility, Fleet Beacon  
  62  5:55  Probe x2  
  64  6:07  Probe x2  
  64  6:09  Gateway  
  66  6:12  Gateway  
  66  6:13  Photon Cannon  
  66  6:16  Shield Battery  
  66  6:19  Probe x2  
  62  6:26  Phoenix  
  62  6:27  Phoenix, Flux Vanes  
  61  6:39  Probe  
  61  6:40  Probe  
  61  6:51  Probe x2  
  63  6:56  Photon Cannon  
  58  7:11  Probe x2 (Chrono Boost)  
  61  7:16  Probe (Chrono Boost)  
  61  7:19  Phoenix (Chrono Boost)  
  61  7:21  Probe (Chrono Boost)  
  61  7:22  Probe (Chrono Boost)  
  65  7:25  Probe (Chrono Boost)  
  65  7:26  Probe x2 (Chrono Boost)  
  68  7:33  Phoenix (Chrono Boost)  
  68  7:35  Probe  
  71  7:38  Probe x2  
  73  7:47  Probe (Chrono Boost)  
  73  7:50  Probe (Chrono Boost)  
  73  7:51  Probe (Chrono Boost)  
  77  7:58  Probe (Chrono Boost)  
  77  8:00  Observer, Probe x2 (Chrono Boost)  
  77  8:03  Robotics Bay, Probe (Chrono Boost)  
  77  8:04  Void Ray, Probe (Chrono Boost)  
  85  8:07  Void Ray  
  85  8:12  Probe  
  91  8:14  Probe  
  91  8:15  Assimilator  
  91  8:16  Probe  
  93  8:20  Pylon  
  93  8:21  Assimilator  
  93  8:24  Pylon  
  93  8:34  Carrier (Chrono Boost)  
  93  8:38  Probe x3  
  93  8:39  Carrier (Chrono Boost)  
  96  8:43  Pylon  
  108  8:53  Probe  
  109  8:58  Probe  
  109  9:01  Probe  
  110  9:05  Probe  
  110  9:06  Disruptor (Chrono Boost)  
  110  9:07  Pylon  
  110  9:09  Pylon  
  114  9:24  Shield Battery  
  114  9:26  Shield Battery  
  114  9:28  Shield Battery x2  
  114  9:32  Nexus  
Tags
 
Add a new tag
Caveats
  • Supply blocks, unpowered buildings, or Contaminate may cause inaccurate times.
  • Supply counts are checked every 10 seconds.